 Dungeon Crawl Stone Soup version 0.31.0-32-g396128a36d (webtiles) character file.

Game seed: 18313093593419453531

119 Killerpretzel the Changeling (level 5, 0/34 HPs)
             Began as an Octopode Shapeshifter on Mar 8, 2024.
             Slain by Sigmund
             ... wielding a +0 scythe
              (3 damage)
             ... on level 3 of the Dungeon.
             The game lasted 00:01:06 (1732 turns).

Killerpretzel the Changeling (OpSh)                 Turns: 1732, Time: 00:01:06

Health: 0/34       AC:  1    Str: 13    XL:     5   Next: 3%
Magic:  5/5        EV: 13    Int: 13    God:
Gold:   93         SH:  0    Dex: 13    Spells: 4/4 levels left

rFire   . .          .
                       - Unarmed
rCold   . . .        (no shield)
rNeg    . . .        (helmet currently unavailable)
rPois   .            (no amulet)
rElec   .            d - +4 ring of slaying
rCorr   .            (no ring)
SInv    .            (no ring)
Will    .....        (no ring)
Stlth   ++           (no ring)
HPRegen 0.25/turn    (no ring)
MPRegen 0.09/turn    (no ring)
                     (no ring)

%: no passive effects
@: beast-form
A: beast (slay +2), almost no armour, amphibious, 8 rings, camouflage 1,
gelatinous body 1, (nimble swimmer 1), tentacles
a: Begin Untransformation


You were on level 3 of the Dungeon.
You were a hulking beast.
You visited 1 branch of the dungeon, and saw 3 of its levels.

You collected 93 gold pieces.

Inventory:

Hand Weapons
 h - the +7 short sword of Vizitam {heavy, rPois Int+3 Dex+3}
   (You found it on level 3 of the Dungeon)

   Int+3:     It affects your intelligence (+3).
   Dex+3:     It affects your dexterity (+3).
   rPois:     It protects you from poison
Jewellery
 d - a +4 ring of slaying (left tentacle)
Talismans
 b - a beast talisman
 c - a flux talisman
Scrolls
 g - a scroll of fear
Potions
 a - a potion of lignification
 e - a potion of enlightenment {unknown}
 f - a potion of ambrosia {unknown}
 i - a potion of heal wounds {unknown}
 j - a potion of invisibility {unknown}


   Skills:
 + Level 2.1 Fighting
 + Level 2.8 Dodging
 + Level 3.6 Unarmed Combat
 * Level 4.0 Shapeshifting


You had 4 spell levels left.
You didn't know any spells.
Your spell library contained the following spells:

 Spells                   Type           Power      Damage    Failure   Level
 Apportation              Tloc           0%         N/A       30%         1
 Necrotise                Necr           0%         1d4       30%         1
 Sting                    Conj/Alch      0%         1d3       30%         1
 Summon Small Mammal      Summ           0%         N/A       30%         1


Dungeon Overview and Level Annotations

Branches:
Dungeon (3/15)

Altars:

Annotations:
D:3 Robin, Sigmund


Innate Abilities, Weirdness & Mutations

You are a hulking beast.
Your limbs bulge with bestial killing power. (Slay +2)
You cannot wear most types of armour.
You are amphibious.
You can wear up to eight rings at the same time.
Your skin changes colour to match your surroundings (Stealth+).
Your rubbery body absorbs attacks. (AC +1, EV +1)
((You are camouflaged when in or above water. (Stealth+)))
You have tentacles for arms and can constrict up to eight enemies at once.


Message History

Robin throws the goblin at you! The hobgoblin closely misses you.
You closely miss the goblin. You grab the goblin. You constrict the goblin.
A goblin comes into view. It is wielding a +0 dagger.
The goblin closely misses you. The hobgoblin hits you!
You tentacle-slap the goblin.
You kill the goblin!
The hobgoblin closely misses you.
You have reached level 5!
You feel clever.
You tentacle-slap the hobgoblin. You grab the hobgoblin.
The hobgoblin is severely wounded.
You constrict the hobgoblin. The hobgoblin barely misses you.
Sigmund mumbles some strange words.
Sigmund flickers and vanishes!
Deactivating autopickup; reactivate with Ctrl-A.
You barely miss the hobgoblin.
The hobgoblin is almost dead.
You constrict the hobgoblin.
You kill the hobgoblin!
You tentacle-slap the hobgoblin. Your grab misses the hobgoblin.
You squeeze the hobgoblin.
You kill the hobgoblin!
Something hits you. Robin throws the goblin at you!
The goblin hits you but does no damage. Robin hits you with a +0 club.
Items here: )) †††.
You tentacle-slap the goblin.
You kill the goblin!
The goblin misses you. Something barely misses you.
Robin throws the goblin at you! The goblin misses you.
You miss the goblin. Your grab misses the goblin.
The goblin hits you but does no damage. Something hits you.
* * * LOW HITPOINT WARNING * * *
The goblin misses you.
You barely miss the goblin. You grab the goblin. You constrict the goblin.
The goblin closely misses you. The goblin misses you.
Robin hits you with a +0 club.
* * * LOW HITPOINT WARNING * * *
You bludgeon the goblin!
You kill the goblin!
The goblin completely misses you. Something hits you.
You die...

##.####....##
...........#
#.#........## .
#..#.........
#..###..##......##
....#..##.......#
.........g.....#.
.......g.ggg#.#.#
##.##..#h### .##
##.##..#)# # #
##...#..#)#
#.##.#.#...#.#
#.....)......#
#..#.#.#.....# #
...##...#....###.#
#...............
.....###.#.##...###..


You could see Robin, 3 hobgoblins and a goblin (strong).

Vanquished Creatures
  6 adders (D:2)
  A ribbon worm (D:3)
  A dart slug (D:1)
  3 ball pythons
  3 bats
  9 endoplasms
  A giant cockroach (D:1)
  13 goblins
  6 hobgoblins
  3 kobolds
  A quokka (D:1)
  A frilled lizard (D:2)
  6 rats
54 creatures vanquished.

Notes
Turn   | Place    | Note
-------+----------+-------------------------------------------
     0 | D:1      | Killerpretzel the Octopode Shapeshifter began the quest for
                  | the Orb.
     0 | D:1      | Reached XP level 1. HP: 13/13 MP: 1/1
   121 | D:1      | Reached XP level 2. HP: 18/18 MP: 2/2
   403 | D:1      | Reached XP level 3. HP: 20/23 MP: 3/3
   956 | D:2      | Reached XP level 4. HP: 21/29 MP: 4/4
  1206 | D:2      | Identified the +0 leather armour "Habet" {rPois}
  1580 | D:3      | Identified the +7 short sword of Vizitam {heavy, rPois
                  | Int+3 Dex+3}
  1708 | D:3      | Noticed Robin
  1718 | D:3      | Reached skill level 4 in Shapeshifting
  1720 | D:3      | Noticed Sigmund
  1725 | D:3      | Reached XP level 5. HP: 22/34 MP: 5/5
  1732 | D:3      | Slain by Sigmund

Illustrated notes

Levels and vault maps discovered:
D:1:      lightli_arrival_quake, layout_basic, kennysheep_doodads
D:2:      layout_loops_ring
D:3:      layout_loops_ring, mainiacjoe_overflow_alcove_2, portal_sewer_entry_e,
          uniq_sigmund, uniq_robin, uniq_crazy_yiuf_cottage

Skill      XL: |  1  2  3  4 |
---------------+-------------+-----
Fighting       | 2 |  2.1
Shapeshifting  | 4 |  4.0
Dodging        | |  2.8
Unarmed Combat | |  3.6

Action                     |  1- 3 |  4- 6 || total
---------------------------+-------+-------++-------
  Melee: Unarmed           |    60 |    52 ||   112
         Constrict         |    13 |    12 ||    25
         Punch             |     2 |     1 ||     3
         Tentacles         |     9 |     7 ||    16
  Throw: Stone             |    13 |     7 ||    20
    Use: Scroll            |     2 |       ||     2
   Stab: Sleeping          |     4 |     4 ||     8
 Armour: Skin              |    25 |    27 ||    52
  Dodge: Dodged            |    22 |    25 ||    47
